[Event "Early-Titled-Tuesday-Blitz-May-14-2024"]
[Site "Chess.com"]
[Date "2024.05.14"]
[Round "7"]
[White "vasblesk"]
[Black "LoaySameer"]
[Result "1-0"]
[WhiteElo "2794"]
[BlackElo "2542"]
[TimeControl "180+1"]
[EndTime "9:21:37 PDT"]
[Termination "vasblesk won by resignation"]

1. e4 g6 2. d4 Bg7 3. Nf3 d6 4. Nc3 Nf6 5. Be2 O-O 6. O-O c5 7. h3 Nc6 8. Be3 b6 9. d5 Ne5 10. Nd2 a6 11. a4 Rb8 12. f4 Ned7 13. Rf2 Qc7 14. Qf1 Ra8 15. Nc4 Bb7 16. Rd1 Qb8 17.
g4 b5 18. g5 bxc4 19. gxf6 exf6 20. Bxc4 Re8 21. f5 Ne5 22. Be2 Bc8 23. Bc1 Bd7 24. h4 Qb4 25. Bxa6 Ng4 26. Rf4 h5 27. Bb5 Bxb5 28.
Qxb5 Reb8 29. Qxb4 Rxb4 30. b3 g5 31. Rf3 gxh4 32.
Kg2 Kh7 33. Rh3 Bh6 34. Bxh6 Kxh6 35. Rxh4 Rg8 36. Kf3 Ne5+ 37. Kf2 Rg4 38. Rdh1 Rxh4 39. Rxh4 Kg5 40. Rh3 h4 41. Rh1 Ng4+ 42. Kf3 Ne5+ 43. Ke3 Ng4+ 44. Ke2 Ne5 45. a5 Rb8 46. a6 Ra8 47.
Ra1 Kf4 48. Nb5 Nf3 49. Rf1 Kxe4 50. Rxf3 Rxa6 51. Nc3+ Ke5 52. Re3+ Kxf5 53. Ne4 h3 54. Nf2 h2 55. Rh3 Ke5 56. Rxh2 Kxd5 57. Rh5+ Ke6 58.
Ne4 f5 59. Ng3 d5 60. Rxf5 f6 61. Rf3 d4 62. Kd3 Ra1 63. Ne4 Rd1+ 64. Kc4 Ke5 65. Nxc5 f5 66. Nd3+ Ke4 67. Rf4+ Ke3 68. Rxf5 Kd2 69.
Rf2+ Ke3 70. Rh2 Ra1 71. b4 Ra8 72. b5 Rd8 73. Kb4 Rc8 74. b6 Ke4 75. Kb5 Kd5 76.
Rh5+ Kd6 77. Rc5 Rb8 78. Rc6+ Kd7 79. Nc5+ Kd8 80. Ne6+ Kd7 81. Nxd4 Rb7 82. c4 Rb8 83. Rc7+ Kd6 84. c5+ Kd5 85. Nc6 Rg8 86. b7 Rg1 87.
b8=Q Rb1+ 88. Nb4+ Rxb4+ 89. Kxb4 1-0

[Event "Early-Titled-Tuesday-Blitz-May-14-2024"]
[Site "Chess.com"]
[Date "2024.05.14"]
[Round "7"]
[White "praveenb2002"]
[Black "ravengelic"]
[Result "0-1"]
[WhiteElo "2853"]
[BlackElo "2709"]
[TimeControl "180+1"]
[EndTime "9:21:38 PDT"]
[Termination "ravengelic won by resignation"]

1. c4 Nf6 2. Nc3 g6 3. e4 d6 4. d4 Bg7 5. g3 O-O 6. Bg2 c5 7. d5 e6 8. Nge2 exd5 9. cxd5 Re8 10. O-O a6 11. a4 Nbd7 12. h3 c4 13. Be3 Ne5 14. a5 h5 15. b3 cxb3 16. Qxb3 Nfd7 17. Qb4 Nd3 18. Qc4 N3c5 19. f4 Qe7 20. Bd4 b5 21. axb6 Nxb6 22. Qb4 Nbd7 23. Bxg7 Kxg7 24. Nd4 Rb8 25.
Qc4 Qf6 26. Nc6 Rb2 27. Ra2 Nb6 28. Qd4 Qxd4+ 29. Nxd4 Rxa2 30. Nxa2 Nc4 31. Nc3 Ne3 32. Re1 Nxg2 33. Kxg2 h4 34. gxh4 Nd3 35. Rf1 Nc5 36. Kf3 Bxh3 37. Re1 f5 38. e5 Bg4+ 39. Kg3 Nd3 40.
Rb1 dxe5 41. Rb7+ Kh6 42. fxe5 Rxe5 43. Ne6 Re3+ 44. Kh2 Ne5 45. Ng5 Nf3+ 46. Nxf3 Bxf3 47. Rc7 Rd3 48. Rc5 Be4 49. Nxe4 fxe4 50. Rc4 e3 51. Re4 Rd2+ 52. Kg3 e2 53. d6 Rxd6 54. Rxe2 a5 55. Re8 Ra6 56. Re3 a4 57. Ra3 Kh5 58. Kh3 Ra5 59.
Kg3 Kh6 60. Kg4 Kg7 61. Kf4 Kf6 62. Ke4 Ke6 63. Kd4 Rh5 64. Re3+ Kf5 65. Re5+ Kg4 66.
Re4+ Kh3 67. Kd3 Rxh4 68. Re6 g5 69. Ra6 Rf4 70. Ke3 Rb4 71. Kf3 g4+ 72. Kf2 g3+ 73. Kf3 Rb3+ 74. Ke2 a3 75. Ra8 Kg2 76. Ra7 Kg1 77. Ra8 g2 78. Rc8 Rb2+ 79. Kf3 a2 80. Rc1+ Kh2 81. Ra1 g1=Q 0-1

[Event "Early-Titled-Tuesday-Blitz-May-14-2024"]
[Site "Chess.com"]
[Date "2024.05.14"]
[Round "7"]
[White "ChessSG1"]
[Black "jraosam"]
[Result "0-1"]
[WhiteElo "2451"]
[BlackElo "2083"]
[TimeControl "180+1"]
[EndTime "9:21:41 PDT"]
[Termination "jraosam won by resignation"]

1. c4 e6 2. g3 Nf6 3. Bg2 d5 4. Nf3 Be7 5. O-O O-O 6. b3 Nbd7 7. Bb2 c6 8. d3 b5 9. Nd4 Bb7 10. cxb5 c5 11. Nc6 Bxc6 12. bxc6 Nb8 13. d4 Nxc6 14.
dxc5 Bxc5 15. Qc1 Qb6 16. Nc3 Be7 17. Na4 Qb7 18. Nc5 Qb6 19. Bxf6 Bxf6 20. Nd7 Qb7 21.
Nxf8 Bxa1 22. Nxh7 Be5 23. Ng5 Nd4 24. Qd2 Bf6 25. h4 Rc8 26. e3 Nf5 27. Rc1 Rc7 28.
e4 Rxc1+ 29. Qxc1 Bxg5 30. Qxg5 dxe4 31. Qf4 Qa6 32. Bxe4 Qxa2 33. Bxf5 exf5 34. Qxf5 Qxb3 35. h5 Qb6 36. Qc8+ Kh7 37. Qc2+ Kg8 38. Qf5 a6 39. Qc8+ Kh7 40. Kg2 Qd6 41. Qc2+ Kg8 42. h6 Qxh6 43.
Qc8+ Kh7 44. Qf5+ Qg6 45. Qc8 Qh6 46. Qa8 Qg6 47. Qb7 Qf6 48. Qa8 Kg6 49. Qa7 Kh7 50. Qc5 Qe6 51. Qa5 Kg6 52. Kg1 Kf6 53. Qc3+ Qe5 54. Qc6+ Qe6 55. Qc3+ Ke7 56. Qc7+ Qd7 57. Qe5+ Qe6 58. Qc5+ Ke8 59. Qa7 g6 60. Qa8+ Ke7 61. Qb7+ Kf6 62. Qb2+ Qe5 63. Qb6+ Qe6 64.
Qb2+ Ke7 65. Qa3+ Ke8 66. Kg2 Qe4+ 67. Kh2 Qe6 68. Qa4+ Kf8 69. Qb4+ Kg8 70. Qb8+ Kh7 71. Qb2 Qf5 72. Qb6 a5 73. Kg2 Qe4+ 74. Kg1 Qf5 75. Qa6 Qd5 76. Qa7 Qe6 77. Qa6 Qxa6 0-1

[Event "Early-Titled-Tuesday-Blitz-May-14-2024"]
[Site "Chess.com"]
[Date "2024.05.14"]
[Round "7"]
[White "NovoselovRoman"]
[Black "francyIM"]
[Result "1/2-1/2"]
[WhiteElo "2657"]
[BlackElo "2864"]
[TimeControl "180+1"]
[EndTime "9:21:46 PDT"]
[Termination "Game drawn - insufficient material"]

1. e4 d6 2. Nc3 Nf6 3. g3 g6 4. Bg2 Bg7 5. d3 O-O 6. h3 c5 7. Be3 Nc6 8. Qd2 Rb8 9. a4 a6 10. Nf3 b5 11. axb5 axb5 12. Bh6 b4 13. Ne2 e5 14.
O-O Bd7 15. Nh4 Nh5 16. Bxg7 Kxg7 17. Nf3 Ra8 18. g4 Nf6 19. Ng3 Ng8 20. c3 Qb6 21. Nh4 Kh8 22. Kh2 Rxa1 23. Rxa1 Qd8 24. Nf3 Qe7 25. d4 bxc3 26. bxc3 cxd4 27. cxd4 exd4 28. Nxd4 Ne5 29. Rd1 Nf6 30. Nde2 Nc4 31. Qd4 Ne5 32. f4 Nfxg4+ 33. hxg4 Bxg4 34. fxe5 dxe5 35. Qd6 Qh4+ 36. Kg1 Re8 37. Rf1 Kg7 38. Qc7 Re7 39. Qd6 Qg5 40.
Nc3 Qe3+ 41. Kh2 Qh6+ 42. Kg1 Qe3+ 43. Rf2 Re6 44. Qc7 Rf6 45. Nh1 Qd4 46. Nd5 Qd1+ 47. Bf1 Rxf2 48. Nxf2 Qd4 49. Qe7 Be6 50. Qf6+ Kh6 51.
Qh4+ Kg7 52. Qf6+ Kh6 53. Qh4+ Kg7 54. Bg2 h5 55. Qf6+ Kh6 56. Nc7 Bc4 57. Ne8 Qe3 58. Nd6 Be6 59. Qh8+ Kg5 60. Qd8+ Kh6 61. Qf6 Qc1+ 62.
Kh2 Qf4+ 63. Qxf4+ exf4 64. e5 g5 65. Be4 g4 66.
Nd3 Kg5 67. Kg2 h4 68. Nc5 h3+ 69. Kg1 g3 70. Nxe6+ fxe6 71. Bf3 Kg6 72. Bg4 h2+ 73.
Kg2 Kg5 74. Bf3 Kg6 75. Be4+ Kg5 76. Nf7+ Kg4 77. Nd8 f3+ 78. Bxf3+ Kf4 79. Nc6 h1=Q+ 80.
Kxh1 Kxf3 81. Kg1 Ke4 82. Nd8 Kxe5 83. Kg2 Kf4 84. Nxe6+ Ke5 85. Ng5 Kf6 86. Ne4+ Ke7 87. Nxg3 1/2-1/2

[Event "Early-Titled-Tuesday-Blitz-May-14-2024"]
[Site "Chess.com"]
[Date "2024.05.14"]
[Round "7"]
[White "ChessBliss09"]
[Black "AlexandraSamaganova"]
[Result "1/2-1/2"]
[WhiteElo "2248"]
[BlackElo "2392"]
[TimeControl "180+1"]
[EndTime "9:21:52 PDT"]
[Termination "Game drawn by repetition"]

1. c4 c5 2. Nc3 Nf6 3. Nf3 Nc6 4. g3 e6 5. Bg2 d5 6. cxd5 exd5 7. d4 cxd4 8. Nxd4 h6 9. O-O Be7 10. e4 dxe4 11.
Nxc6 bxc6 12. Qxd8+ Bxd8 13. Nxe4 O-O 14. Bf4 Ba6 15.
Rfc1 Nxe4 16. Bxe4 Bf6 17. Rab1 g5 18. Be3 Rab8 19.
Bxa7 Rxb2 20. Rxb2 Bxb2 21. Rxc6 Bb7 22. Rc4 Bxe4 23.
Rxe4 Ra8 24. Re7 Kg7 25. Rb7 Bc3 26. a4 Bd2 27. Rd7 Bc3 28. Bd4+ Bxd4 29. Rxd4 Rb8 30. Kg2 Rb3 31. Rd8 Ra3 32. Ra8 g4 33. a5 h5 34. a6 Kh7 35. a7 Kg7 36. Kf1 Ra2 37.
Ke1 Kh7 38. Kd1 Kg7 39. Kc1 Kh7 40. Kb1 Ra5 41. Kb2 Kg7 42. Kb3 Ra1 43. Kb4 Rb1+ 44. Kc5 Rc1+ 45. Kd6 Rd1+ 46. Ke5 Ra1 47. Kf4 Ra4+ 48.
Kg5 Ra5+ 49. Kh4 Kh7 50. h3 gxh3 51. Kxh3 Kg7 52. Kg2 Kh7 53. f3 Kg7 54. Kh3 Kh7 55.
g4 hxg4+ 56. fxg4 Kg7 57. Kh4 Kh7 58. g5 Kg7 59. Kh5 Ra1 60. Kg4 Ra4+ 61. Kf5 Ra5+ 62. Kf4 Ra4+ 63. Ke5 Ra5+ 64. Kd6 Ra1 65. Kc5 Rc1+ 66.
Kb6 Rb1+ 67. Kc7 Rc1+ 68. Kd8 Rd1+ 69. Ke8 Re1+ 70. Kd7 Rd1+ 71. Kc6 Rc1+ 72. Kd5 Rd1+ 73. Ke4 Re1+ 74. Kf3 Rf1+ 75. Kg2 Ra1 76. Kf2 Ra2+ 77.
Kg3 Ra3+ 78. Kg4 Ra1 79. Kh5 Rh1+ 80. Kg4 Rg1+ 81. Kf3 Rf1+ 82. Ke2 Ra1 83. Kf3 Ra3+ 84. Ke4 Ra1 85. Kd4 Rd1+ 86. Kc3 Ra1 87. Kb2 Ra5 88.
Kb3 Ra1 89. Kb2 Ra5 90. Kb3 Ra1 91. Kb2 1/2-1/2

[Event "Early-Titled-Tuesday-Blitz-May-14-2024"]
[Site "Chess.com"]
[Date "2024.05.14"]
[Round "7"]
[White "wonderfultime"]
[Black "platy3"]
[Result "1-0"]
[WhiteElo "3062"]
[BlackElo "2866"]
[TimeControl "180+1"]
[EndTime "9:21:58 PDT"]
[Termination "wonderfultime won by resignation"]

1. d4 Nf6 2. Nf3 d5 3. Bg5 c6 4.
Bxf6 gxf6 5. e3 Bf5 6. c4 e6 7. Nc3 Nd7 8. Bd3 Bg6 9. O-O Bd6 10. cxd5 cxd5 11. e4 dxe4 12. Bxe4 Qb6 13. d5 e5 14. Nh4 Qxb2 15. Qf3 Rc8 16. Ne2 Qa3 17. Ng3 Qxf3 18.
gxf3 Nc5 19. Bf5 Rc7 20. Rac1 Rg8 21. Kh1 Ke7 22. Bh3 Rd8 23. Nhf5+ Kf8 24. Rfd1 b6 25. Bf1 Kg8 26. h4 h5 27. Bb5 Bf8 28. d6 Rb7 29.
Bc6 Rbd7 30. Bxd7 Rxd7 31. a4 Kh7 32. a5 Bxf5 33. Nxf5 Kg6 34. Ne3 Rxd6 35. Rxd6 Bxd6 36. axb6 axb6 37. Rg1+ Kh7 38. Nd5 Nd7 39. Ra1 Kg6 40.
Kg2 Kf5 41. Ra7 Ke6 42. Nc3 f5 43. Rb7 Bc5 44. Ne2 Nf6 45. f4 Ng4 46. fxe5 Kxe5 47. f3 Ne3+ 48. Kh3 Nd5 49. Rxf7 Ke6 50. Rh7 Nf6 51. Rh6 Ke5 52. f4+ Ke6 53. Ng3 Bf8 54. Rg6 Kf7 55. Rg5 Ke6 56. Rxf5 Bd6 57. Rb5 Bxf4 58. Rxb6+ Kf7 59. Rb7+ Kg6 60. Ne2 Be5 61. Rb5 Kf5 62. Ng3+ Kf4 63. Ne2+ Kf5 64. Nd4+ Kf4 65. Ne6+ Ke4 66. Ng5+ Kf4 67. Rb4+ Kf5 68. Nf3 Bf4 69. Rb5+ Ke4 70. Kg2 Ng4 71. Ng5+ Ke3 72. Rb3+ Kd4 73. Rb4+ Ke5 74. Rb5+ Kd4 75. Ne6+ Kc4 76. Rxh5 Bd2 77. Rh8 Nf6 78. Rf8 Nd5 79. h5 Kb5 80. Rf5 Kc6 81. Rf8 Kd7 82. Nd4 Kd6 83. h6 Bxh6 84. Nf5+ Ke5 85.
Nxh6 Nf4+ 86. Kf3 Ne6 87. Rf5+ 1-0

[Event "Early-Titled-Tuesday-Blitz-May-14-2024"]
[Site "Chess.com"]
[Date "2024.05.14"]
[Round "7"]
[White "yaguigor"]
[Black "mightysmasher"]
[Result "0-1"]
[WhiteElo "2568"]
[BlackElo "2560"]
[TimeControl "180+1"]
[EndTime "9:22:00 PDT"]
[Termination "mightysmasher won on time"]

1. d4 d5 2. c4 e6 3. Nc3 Be7 4.
Nf3 Nf6 5. Bf4 O-O 6. e3 c6 7. c5 b6 8. b4 a5 9. a3 Na6 10. Rb1 b5 11. Bd3 h6 12. h3 axb4 13. axb4 Nc7 14.
Ne5 Bb7 15. g4 Ne4 16. Nxe4 dxe4 17. Bxe4 Nd5 18. Qd2 Bf6 19. Bg3 Ra3 20. Bd3 Bxe5 21. Bxe5 Qa8 22. O-O Ra2 23. Rb2 Rxb2 24. Qxb2 Qa4 25.
Rb1 Ra8 26. e4 Ne7 27. Bc7 Qa3 28. Qc2 Ng6 29. Kg2 Rc8 30. Bd6 Rd8 31. Kg3 e5 32. Rb3 Qa1 33. Qb1 Qxd4 34. Qb2 Qxb2 35. Rxb2 Ra8 36.
Bb1 Ra3+ 37. f3 Ra1 38. Ba2 Bc8 39. h4 Kh7 40. h5 Nf4 41. Bxe5 Ne6 42. Bb1 Ra3 43. Kf2 Ng5 44. Ke2 Nxf3 45. Bd6 Bxg4 46. e5+ Kg8 47. Kf2 Bxh5 48. Be4 Ng5 49. Bxc6 Rd3 50.
Bxb5 Rh3 51. Ke1 Rh1+ 52. Kd2 Ne4+ 53. Ke3 Bg6 54. Bc6 Rh3+ 55. Kd4 Rh4 56. Bd5 Nf6+ 57. Kc3 Nxd5+ 58. Kd2 Rxb4 59. Rxb4 Nxb4 60. Kc3 Nc6 61.
Kc4 h5 62. Kd5 Nd8 63. c6 Nxc6 64. Kxc6 h4 65. e6 fxe6 66. Kc5 Kf7 67. Kd4 Bf5 68. Ke3 g5 69. Kf3 Kg6 70. Kf2 Kh5 71. Kg2 Kg4 72. Kh2 Be4 73. Be7 Bd5 74. Bd8 e5 75. Be7 e4 76. Bc5 Kf3 77. Be7 Kf4 78. Bd6+ Kf3 79. Be7 Kg4 0-1

[Event "Early-Titled-Tuesday-Blitz-May-14-2024"]
[Site "Chess.com"]
[Date "2024.05.14"]
[Round "7"]
[White "Nasrin_Babayeva"]
[Black "PonyQueen07"]
[Result "1-0"]
[WhiteElo "1950"]
[BlackElo "2107"]
[TimeControl "180+1"]
[EndTime "9:22:15 PDT"]
[Termination "Nasrin_Babayeva won by checkmate"]

1. d4 Nf6 2. c4 e6 3. e3 Bb4+ 4. Bd2 a5 5. Nf3 b6 6. Bd3 Bb7 7. O-O O-O 8. a3 Be7 9. Nc3 d6 10. b4 axb4 11. axb4 Nbd7 12. Qc2 Bxf3 13. gxf3 g6 14.
e4 Nh5 15. f4 e5 16. Rxa8 Qxa8 17. Nd5 Qd8 18. dxe5 dxe5 19. Be2 Nxf4 20. Bxf4 exf4 21. Nxf4 Bxb4 22. Rd1 Bd6 23. Ng2 Qf6 24. f4 Bxf4 25. Rxd7 Bd6 26. Qd1 Qe6 27. Rxd6 cxd6 28. Qd5 Qe5 29.
Qxe5 dxe5 30. Ne3 Rb8 31. Nd5 Kg7 32. Nc7 f6 33. Nd5 Kf7 34. Kf2 Ke6 35. Ke3 Kf7 36.
Kd2 Ke6 37. Kc3 f5 38. Bf3 f4 39. Bg4+ Kd6 40. Kb4 h5 41. Bf3 h4 42. h3 Rc8 43.
Kb5 Rb8 44. Nxb6 Kc7 45. c5 Rd8 46. Bg4 Rd2 47. Nd5+ Kb7 48. c6+ Ka7 49. c7 Rb2+ 50. Kc6 Rc2+ 51. Kd7 Kb7 52. Kd8 Rxc7 53. Nxc7 Kc6 54.
Ne6 Kd6 55. Nf8 Kc5 56. Nxg6 Kd4 57. Bf5 f3 58. Bg4 f2 59. Be2 Kxe4 60. Nxh4 Kf4 61.
Ng6+ Ke3 62. Bf1 e4 63. h4 Kf3 64. h5 e3 65. Ne5+ Ke4 66. Ng4 Kf4 67. Nh2 Kg3 68. h6 Kxh2 69. h7 Kg1 70. Bd3 f1=Q 71. Bxf1 Kxf1 72.
h8=Q e2 73. Qh1+ Kf2 74. Qh4+ Kf1 75. Qf4+ Kg1 76. Qe3+ Kf1 77. Qf3+ Ke1 78. Kd7 Kd2 79. Qf2 Kd1 80. Qd4+ Kc2 81. Qe3 Kd1 82. Qd3+ Ke1 83. Ke6 Kf2 84. Qd2 Kf1 85. Qf4+ Kg1 86. Qe3+ Kf1 87.
Qf3+ Ke1 88. Ke5 Kd1 89. Qd3+ Ke1 90. Kf4 Kf2 91. Qd2 Kf1 92. Kf3 e1=N+ 93. Kg3 Nd3 94. Qxd3+ Ke1 95. Qe3+ Kd1 96. Kf2 Kc2 97. Ke2 Kb2 98.
Kd2 Ka1 99. Kc2 Ka2 100. Qb3+ Ka1 101. Qb2# 1-0

[Event "Early-Titled-Tuesday-Blitz-May-14-2024"]
[Site "Chess.com"]
[Date "2024.05.14"]
[Round "7"]
[White "Louis-Paulsen-Fan"]
[Black "ProtectiveCarrot"]
[Result "0-1"]
[WhiteElo "2330"]
[BlackElo "2503"]
[TimeControl "180+1"]
[EndTime "9:22:30 PDT"]
[Termination "ProtectiveCarrot won by checkmate"]

1. d4 a6 2. Nf3 Nf6 3. c4 b5 4. Bg5 bxc4 5. e3 d5 6. b3 cxb3 7. axb3 Ne4 8. Bh4 Qd6 9. Bd3 Qb4+ 10. Nbd2 Nxd2 11. Nxd2 e6 12. O-O Bd6 13. Ra4 Qb6 14.
Qg4 g6 15. Bf6 Rg8 16. Qh4 h5 17. Qg5 Nd7 18. Rfa1 Nxf6 19. Qxf6 Be7 20. Qe5 a5 21. e4 Bd7 22. R4a2 Bd6 23. Qf6 c6 24. exd5 cxd5 25. Nf3 Qxb3 26. Bc2 Qb6 27. Ba4 Bxa4 28. Rxa4 Qd8 29. Qxd8+ Kxd8 30. Rxa5 Rxa5 31. Rxa5 Ke7 32.
Ra7+ Kf6 33. h4 Re8 34. g3 Kg7 35. Kg2 Be7 36. Ne5 f6 37. Nc6 Kf8 38. Rb7 Bd6 39. f3 Rc8 40. Na5 Rc2+ 41. Kh3 Rf2 42. f4 Rd2 43.
Rb6 Ke7 44. Rb7+ Ke8 45. Nc6 Rc2 46. Na7 Rc7 47. Rb8+ Kf7 48. Nb5 Rd7 49. Rb7 Ke7 50.
Rb6 Bb4 51. g4 hxg4+ 52. Kxg4 Bd2 53. Rc6 Rb7 54. Nc7 Kd7 55. Rxe6 Rxc7 56. Rxf6 Rc6 57.
Rf7+ Ke6 58. Rg7 Kf6 59. Rd7 Ke6 60. Rg7 Kf6 61. Rd7 Rc3 62. Rxd5 Be1 63. Rd6+ Kg7 64.
Rd7+ Kh6 65. f5 Rg3+ 66. Kf4 gxf5 67. Kxf5 Rd3 68. Ke4 Rd1 69. d5 Bxh4 70. Rd6+ Kg5 71. Re6 Bg3 72. Kf3 Bc7 73. Re7 Bd6 74. Re6 Bb4 75. d6 Rd3+ 76. Ke4 Rd1 77. Ke5 Bc3+ 78. Ke4 Kg4 79. Rg6+ Kh5 80. Rg2 Rxd6 81. Kf5 Rd5+ 82.
Ke4 Re5+ 83. Kd3 Ba1 84. Kc4 Ra5 85. Rg8 Bf6 86. Kb3 Rb5+ 87. Kc4 Re5 88. Kd4 Re8+ 89. Kd5 Rxg8 90. Ke6 Kg6 91. Kd5 Rg7 92. Ke6 Rf7 93.
Kd5 Re7 94. Kd6 Kf5 95. Kd5 Re5+ 96. Kd6 Be7+ 97. Kd7 Kf6 98. Kc6 Ba3 99. Kd7 Re7+ 100. Kc6 Ke5 101. Kb5 Rc7 102. Ka4 Bc1 103. Kb3 Kd4 104. Kb4 Rb7+ 105. Ka5 Bg5 106. Ka6 Rb1 107. Ka5 Kc4 108. Ka6 Kc5 109. Ka7 Kc6 110. Ka6 Ra1# 0-1

[Event "Early-Titled-Tuesday-Blitz-May-14-2024"]
[Site "Chess.com"]
[Date "2024.05.14"]
[Round "7"]
[White "SharapovEvgeny"]
[Black "ural58"]
[Result "1-0"]
[WhiteElo "2639"]
[BlackElo "2480"]
[TimeControl "180+1"]
[EndTime "9:22:31 PDT"]
[Termination "SharapovEvgeny won on time"]

1. e4 d5 2. exd5 Qxd5 3. Nc3 Qa5 4. d4 Nf6 5. Nf3 Nc6 6. Bd2 a6 7. Bc4 Qh5 8. Ne5 Nxe5 9. Qxh5 Nd3+ 10. Bxd3 Nxh5 11.
O-O-O Nf6 12. Rhe1 e6 13. d5 Be7 14. Bf4 Nxd5 15. Nxd5 exd5 16. Bxc7 Be6 17. Be5 O-O 18. f4 g6 19. h3 Rfd8 20. g4 Bh4 21. Re2 d4 22. f5 Bd5 23. Be4 Bc4 24. Rg2 Bxa2 25. Rxd4 Rxd4 26. Bxd4 Bg5+ 27. Kd1 Rd8 28. c3 b5 29. Kc2 a5 30. f6 a4 31. Bd3 Bb3+ 32. Kb1 b4 33. Re2 bxc3 34. bxc3 h5 35. gxh5 a3 36.
hxg6 fxg6 37. Rg2 Rxd4 38. cxd4 Bxf6 39. Rxg6+ Kf7 40. Rg4 Be6 41. Rf4 Bxh3 42. Ka2 Ke6 43.
Bc4+ Ke7 44. Kxa3 Bg5 45. Re4+ Kd7 46. Kb3 Be7 47. Re3 Bg4 48. Rg3 Bd1+ 49. Kc3 Bd6 50.
Rg7+ Kd8 51. Rg6 Ke7 52. Re6+ Kd7 53. Re1 Bf3 54. Bb5+ Kc7 55. Kc4 Bh5 56. d5 Bg4 57. Bc6 Bg3 58. Rg1 Be2+ 59. Kb3 Bf4 60. Rg7+ Kd6 61.
Rg6+ Kc5 62. Re6 Bd1+ 63. Kc3 Bf3 64. Re1 Bxd5 65. Bxd5 Kxd5 66. Kd3 Be5 67. Rh1 Bf4 68. Rh5+ Ke6 69. Ke4 Bc1 70. Rb5 Bd2 71. Rb6+ Kd7 72. Kd5 Kc7 73. Rg6 Be1 74. Rc6+ Kd7 75. Rc1 Bf2 76. Rf1 Bg3 77. Rf7+ Kc8 78. Kc6 Kb8 79.
Rb7+ Ka8 80. Kb6 Bf2+ 81. Ka6 Bg3 82. Rg7 Bf4 83. Ra7+ Kb8 84. Rd7 Ka8 85. Kb6 Be3+ 86. Kc6 Bf4 87. Rd8+ Ka7 88. Rf8 Bg3 89. Rf7+ Ka8 90.
Kb6 Bh2 91. Ra7+ Kb8 92. Rg7 Ka8 93. Rg8+ Bb8 94. Rg7 Bf4 95. Ra7+ Kb8 96. Re7 1-0

[Event "Early-Titled-Tuesday-Blitz-May-14-2024"]
[Site "Chess.com"]
[Date "2024.05.14"]
[Round "7"]
[White "chess_blitz00"]
[Black "Evan_Attaker"]
[Result "1/2-1/2"]
[WhiteElo "2482"]
[BlackElo "2643"]
[TimeControl "180+1"]
[EndTime "9:22:56 PDT"]
[Termination "Game drawn - insufficient material"]

1. f3 g6 2. Nh3 Bg7 3. Nf2 c5 4. g3 Nc6 5. Bg2 Nf6 6. O-O O-O 7. c3 b6 8. Na3 Bb7 9. Nc2 a6 10. d4 e6 11. dxc5 bxc5 12. Qd6 Qb6 13. Nd3 c4+ 14. Be3 Qd8 15. Nc5 Qc8 16. Rfd1 Rd8 17. Na4 Bf8 18. Qf4 Nd5 19. Qxc4 Nxe3 20. Nxe3 d5 21. Qb3 Rb8 22. Qc2 Qc7 23. Kh1 Na5 24. b4 Nc4 25.
Nxc4 Qxc4 26. Nb2 Qc7 27. Rac1 Rdc8 28. Nd3 a5 29. Qd2 Ba6 30. a3 h5 31. f4 Bxd3 32.
Qxd3 Bg7 33. e4 dxe4 34. Qxe4 axb4 35. axb4 Bxc3 36. Rc2 Rxb4 37. Qxb4 Bxb4 38. Rxc7 Rxc7 39. Bf3 Rc2 40. Rf1 Kg7 41. Be4 Re2 42. Bf3 Rd2 43.
Bg2 Kf6 44. Be4 Bc5 45. Bb1 Kg7 46. Be4 Be3 47. Bb1 g5 48. fxg5 Bxg5 49. Be4 f5 50. Bf3 Kg6 51. Re1 Rd6 52. Re2 h4 53. Kg2 hxg3 54.
hxg3 Kf6 55. g4 f4 56. Re4 e5 57. Re2 Bh4 58. Be4 Bg3 59. Bf3 Ra6 60. Rc2 Ra5 61. Rc6+ Kg5 62. Rc2 Ra4 63. Re2 Ra5 64. Re4 Bh4 65. Re2 Kf6 66. Be4 Kg7 67. Bf3 Be7 68. Rc2 Bc5 69. Re2 Kf6 70. g5+ Kf5 71. g6 Bd4 72.
Be4+ Kf6 73. Kf3 Ra3+ 74. Kg4 Rg3+ 75. Kh4 Kg7 76. Rc2 Rxg6 77. Bxg6 Kxg6 78. Kg4 Kf6 79.
Re2 Ke6 80. Kf3 Kd5 81. Re4 Bc3 82. Ra4 Bd4 83. Ra5+ Bc5 84. Ra4 Bd6 85. Ra5+ Bc5 86. Ra2 Bb6 87. Rd2+ Bd4 88. Rd1 Kc4 89. Ke4 Kc3 90.
Rc1+ Kd2 91. Rc8 Ke2 92. Rf8 Bc3 93. Rf5 Bd4 94. Rf6 Kf2 95. Rf7 Ke2 96. Rf8 Bb2 97.
Rh8 Bd4 98. Rh3 Kf1 99. Rf3+ Ke2 100. Rh3 Kd2 101. Rh2+ Kc3 102. Rh3+ Kd2 103. Rf3 Ke2 104. Rxf4 exf4 105. Kxf4 1/2-1/2

[Event "Early-Titled-Tuesday-Blitz-May-14-2024"]
[Site "Chess.com"]
[Date "2024.05.14"]
[Round "8"]
[White "KuzubovYuriy"]
[Black "Andrei_Skvortsov"]
[Result "0-1"]
[WhiteElo "2923"]
[BlackElo "2769"]
[TimeControl "180+1"]
[EndTime "9:25:50 PDT"]
[Termination "Andrei_Skvortsov won by resignation"]

1. d4 e6 2. c4 g6 3. Nc3 Bg7 4. Nf3 Ne7 5. e4 d5 6. Be3 dxe4 7. Nxe4 Nf5 8. Bg5 f6 9. Bd2 Nxd4 10. Nxd4 Qxd4 11. Qc2 f5 12. Bc3 Qxe4+ 13. Qxe4 Bxc3+ 0-1

[Event "Early-Titled-Tuesday-Blitz-May-14-2024"]
[Site "Chess.com"]
[Date "2024.05.14"]
[Round "8"]
[White "MyDream003"]
[Black "CrushingKings"]
[Result "1-0"]
[WhiteElo "2840"]
[BlackElo "2631"]
[TimeControl "180+1"]
[EndTime "9:26:24 PDT"]
[Termination "MyDream003 won by resignation"]

1. e4 g6 2. d4 Bg7 3. Nf3 c6 4. c4 d5 5. Nc3 dxe4 6. Nxe4 Nf6 7. Nxf6+ exf6 8. Be2 O-O 9. O-O Re8 10. Be3 Bf5 11. Qb3 Qc7 12. Rac1 Nd7 13. Rfd1 b6 14. h3 Be4 15.
Nd2 g5 16. Nxe4 Rxe4 17. Bf3 Re7 18. d5 Ree8 19. dxc6 Ne5 20. Bd5 Nxc6 21. c5 Na5 22.
Qa4 1-0

[Event "Early-Titled-Tuesday-Blitz-May-14-2024"]
[Site "Chess.com"]
[Date "2024.05.14"]
[Round "8"]
[White "DACF2905"]
[Black "SlavenPastar"]
[Result "0-1"]
[WhiteElo "2425"]
[BlackElo "2630"]
[TimeControl "180+1"]
[EndTime "9:26:43 PDT"]
[Termination "SlavenPastar won by resignation"]

1. e4 b6 2. d4 Bb7 3. Nc3 e6 4. Nf3 Bb4 5. Bd3 Nf6 6. Qe2 d5 7. e5 Ne4 8. Bd2 Nxd2 9. Nxd2 c5 10. Nb5 c4 11. Bxc4 dxc4 12. c3 a6 13. Qxc4 axb5 14.
Qxb5+ Nc6 15. cxb4 O-O 16. O-O Nxd4 17. Qc4 Ba6 0-1

[Event "Early-Titled-Tuesday-Blitz-May-14-2024"]
[Site "Chess.com"]
[Date "2024.05.14"]
[Round "8"]
[White "AccioChess"]
[Black "Eliwood44"]
[Result "1-0"]
[WhiteElo "2440"]
[BlackElo "2447"]
[TimeControl "180+1"]
[EndTime "9:26:44 PDT"]
[Termination "AccioChess won by resignation"]

1. c4 e6 2. Nf3 Nf6 3. g3 d5 4. Bg2 Be7 5. O-O O-O 6. cxd5 exd5 7. d4 c6 8. Nc3 Bf5 9. Bg5 Nbd7 10. Ne5 h6 11.
Nxd7 Qxd7 12. Bxf6 Bxf6 13. e3 g6 14. b4 a6 15. a4 h5 16. b5 cxb5 17. axb5 a5 18.
Nxd5 Bd8 19. b6 h4 20. Qa4 Qd6 21. Rfc1 hxg3 22. hxg3 Kg7 23. Nc7 Rb8 24. Ne8+ Rxe8 25. Qxe8 Bxb6 26. Qb5 Rh8 27. Bxb7 Rh5 28. Rc6 Qd7 29. Rxb6 Be4 30. Qxh5 gxh5 31. Bxe4 h4 32. gxh4 1-0

[Event "Early-Titled-Tuesday-Blitz-May-14-2024"]
[Site "Chess.com"]
[Date "2024.05.14"]
[Round "8"]
[White "Anu-triz"]
[Black "TheAlienParty"]
[Result "0-1"]
[WhiteElo "2294"]
[BlackElo "2427"]
[TimeControl "180+1"]
[EndTime "9:26:44 PDT"]
[Termination "TheAlienParty won by resignation"]

1. e4 e5 2. Nf3 Nc6 3. Nc3 Bc5 4.
Nxe5 Nxe5 5. d4 Bd6 6. dxe5 Bxe5 7. Bd3 d6 8. O-O Qh4 9. g3 Qh3 10. Ne2 Nf6 11. f4 Ng4 12. Rf2 Nxf2 13. Kxf2 Qxh2+ 14. Kf3 Bf6 15. e5 dxe5 16. fxe5 Bxe5 17. Bf4 Bxf4 18.
Nxf4 O-O 19. Qe1 Bd7 20. Qe4 Bc6 21. Nd5 Qh5+ 22. Kf2 Bxd5 0-1

[Event "Early-Titled-Tuesday-Blitz-May-14-2024"]
[Site "Chess.com"]
[Date "2024.05.14"]
[Round "8"]
[White "Flaccidmoves"]
[Black "AlphaGoosee"]
[Result "1-0"]
[WhiteElo "2438"]
[BlackElo "2609"]
[TimeControl "180+1"]
[EndTime "9:26:48 PDT"]
[Termination "Flaccidmoves won by resignation"]

1. d4 d5 2. c4 dxc4 3. e4 e5 4. Nf3 exd4 5. Nxd4 Nf6 6. e5 Ng4 7. e6 Bb4+ 8. Nc3 O-O 9. Qxg4 Kh8 10. Bxc4 c5 11.
Nf3 fxe6 12. O-O Nc6 13. Bg5 Qe8 14. Rfe1 e5 15. Qh4 Bf5 16. Bd5 Rd8 17. Bxd8 Nxd8 18. Nxe5 Bxc3 19. bxc3 Qb5 20. Qxd8 Rxd8 21. Nf7+ Kg8 22.
Nd6+ Kf8 23. Nxb5 Rxd5 24. Rad1 Bd3 25. Nc7 Rd7 26. Ne6+ Kf7 27. Nxc5 1-0

[Event "Early-Titled-Tuesday-Blitz-May-14-2024"]
[Site "Chess.com"]
[Date "2024.05.14"]
[Round "8"]
[White "MatyChess1"]
[Black "SoCalJuniorChess"]
[Result "1-0"]
[WhiteElo "2629"]
[BlackElo "2229"]
[TimeControl "180+1"]
[EndTime "9:27:06 PDT"]
[Termination "MatyChess1 won by resignation"]

1. e4 d5 2. exd5 Qxd5 3. Nc3 Qd8 4. d4 Nf6 5. Bc4 a6 6. a4 Nc6 7. Be3 Ng4 8. Nf3 Nxe3 9. fxe3 e6 10. O-O Be7 11.
Ne4 O-O 12. c3 Rb8 13. a5 Kh8 14. b4 f5 15. Nc5 Qd6 16. Qe2 e5 17. Rad1 Qf6 18.
Ne4 fxe4 19. Nxe5 Qd6 20. Rxf8+ 1-0

[Event "Early-Titled-Tuesday-Blitz-May-14-2024"]
[Site "Chess.com"]
[Date "2024.05.14"]
[Round "8"]
[White "chess_blitz00"]
[Black "bescmelasti"]
[Result "0-1"]
[WhiteElo "2477"]
[BlackElo "2627"]
[TimeControl "180+1"]
[EndTime "9:27:12 PDT"]
[Termination "bescmelasti won by resignation"]

1. f3 d5 2. g3 e5 3. Nh3 Nc6 4. Nf2 f5 5. Bg2 Nf6 6. O-O Bc5 7. c3 O-O 8. b3 Be6 9. Na3 Qe7 10. Nc2 Bd6 11.
d4 e4 12. f4 a5 13. Ne3 a4 14. Bd2 Na5 15. Qc2 b5 16. b4 Nc4 17. Nfd1 Nb6 18. h3 a3 19. Kh2 Kh8 20. Nf2 Rg8 21. h4 Nh5 22. Nh3 h6 23. Rh1 g5 24. hxg5 hxg5 25.
Nxg5 Rxg5 26. fxg5 Nxg3 27. Kg1+ Nxh1 28. Kxh1 Qxg5 29. Kg1 f4 30. Rf1 fxe3 0-1